Map: Pylon LE

Players

IlIlIlIlIlII

  • Race: Terran Terran
  • League: Diamond
  • Spawn Location: 11:00

Killua - Winner!

  • Race: Protoss Protoss
  • League: Diamond
  • Spawn Location: 5:00

VOD

Have the link to the VOD?

Description

Time

  • Played on: July 26, 2025, 5:26 p.m.
  • Length: 20:20
Show
View Real Time Build Order
Export as new Build Order

IlIlIlIlIlII Terran 

Build Orders:  

Get SALT Encoding   

  12  0:08  Supply Depot  
  12  0:13  SCV  
  13  0:39  Barracks  
  13  0:41  Barracks  
  13  0:44  SCV  
  14  0:57  Refinery  
  14  0:58  SCV  
  15  1:09  Refinery  
  15  1:10  SCV  
  16  1:23  SCV  
  17  1:26  Marine  
  17  1:27  Marine  
  19  1:35  SCV  
  20  1:45  Barracks Tech Lab  
  20  1:51  Barracks Reactor  
  20  1:52  Orbital Command  
  20  2:03  Supply Depot  
  20  2:18  SCV  
  20  2:20  Combat Shield  
  21  2:30  SCV  
  22  2:42  SCV  
  23  2:45  Marine x3  
  26  2:59  Barracks  
  26  3:00  Barracks  
  26  3:01  Factory  
  26  3:12  Marine x2  
  26  3:13  Marine  
  26  3:18  Supply Depot  
  29  3:25  SCV  
  30  3:32  Marine  
  31  3:37  Supply Depot  
  31  3:40  Marine x2  
  33  3:50  Factory Tech Lab  
  33  4:17  Siege Tank  
  33  4:21  Starport  
  36  4:29  Command Center  
  34  4:43  Marine  
  34  4:44  Marauder, Marine  
  38  4:51  Siege Tank  
  41  5:02  Marine, Medivac  
  44  5:15  Engineering Bay  
  44  5:22  SCV  
  44  5:27  Marine x3  
  48  5:34  Siege Tank  
  51  5:44  Orbital Command  
  51  5:56  Missile Turret  
  51  6:09  Marine x3  
  51  6:10  Starport Tech Lab  
  54  6:12  Siege Tank  
  54  6:13  SCV  
  58  6:27  Bunker  
  58  6:28  SCV x2  
  60  6:39  Supply Depot  
  60  6:41  Supply Depot  
  60  6:49  Raven  
  60  6:50  Siege Tank  
  65  7:05  Supply Depot, Marine x2  
  65  7:06  Missile Turret  
  65  7:08  SCV  
  68  7:10  SCV  
  69  7:27  Marine  
  69  7:28  Marine x2  
  69  7:29  Siege Tank  
  75  7:45  Marine x2, SCV  
  75  7:46  SCV  
  75  7:48  Factory  
  75  7:50  Refinery, Starport Reactor  
  79  7:55  Refinery  
  79  7:57  SCV  
  80  8:11  Marine x3  
  80  8:12  Siege Tank  
  87  8:26  Starport  
  85  8:29  Marine  
  85  8:31  Marauder  
  85  8:32  Viking  
  90  8:36  Viking  
  92  8:41  SCV x2  
  94  8:49  Missile Turret  
  94  9:09  Supply Depot  
  94  9:10  Supply Depot  
  94  9:12  Missile Turret  
  94  9:19  Starport Reactor  
  94  9:30  Viking, Marine, Siege Tank, SCV x2  
  102  9:31  Viking, Marine  
  102  9:36  Armory  
  102  9:37  Terran Infantry Weapons Level 1  
  105  9:43  Marauder  
  107  9:58  Supply Depot  
  107  10:00  Viking  
  107  10:03  Viking  
  109  10:20  Viking, Siege Tank x2  
  117  10:24  Terran Ship Weapons Level 1  
  117  10:26  Supply Depot  
  117  10:28  Marine  
  118  10:37  Marine  
  117  10:43  SCV  
  117  10:47  Viking x3  
  117  10:48  Marauder  
  126  10:57  Missile Turret  
  126  10:59  Missile Turret  
  126  11:02  Missile Turret  
  126  11:03  Missile Turret  
  126  11:12  Supply Depot  
  126  11:33  Marine  
  126  11:34  Missile Turret  
  126  11:38  Viking  
  129  11:43  Terran Infantry Weapons Level 2  
  129  11:50  Viking  
  129  11:53  Missile Turret  
  131  11:56  Missile Turret  
  131  11:59  Siege Tank  
  132  12:17  Siege Tank  
  132  12:19  Stimpack  
  133  12:58  Terran Ship Weapons Level 2  
  133  13:01  Viking, Supply Depot  
  133  13:03  Supply Depot  
  133  13:21  Marine  
  133  13:22  Viking x3, Marine x2  
  133  13:24  Siege Tank x2  
  148  13:30  Missile Turret  
  148  13:41  Marine x2  
  148  13:42  Orbital Command  
  149  13:59  Marine  
  150  14:11  Marauder  
  150  14:16  Terran Infantry Weapons Level 3  
  149  14:22  Refinery, SCV  
  149  14:23  Refinery  
  150  14:26  SCV  
  150  14:34  Supply Depot  
  150  14:44  SCV  
  150  14:50  Siege Tank x2  
  150  14:55  Viking x4  
  154  15:08  Command Center  
  154  15:13  Command Center  
  120  15:41  Thor x2  
  132  15:43  Viking x4  
  132  15:49  Marine x2  
  140  15:50  Marine  
  143  15:59  SCV  
  144  16:13  Viking  
  146  16:32  Orbital Command  
  146  16:39  Planetary Fortress  
  146  16:43  SCV x2  
  146  16:45  Viking  
  150  16:55  Missile Turret  
  150  16:56  Missile Turret  
  140  17:18  Thor x2  
  152  17:27  Missile Turret  
  152  17:29  Missile Turret  
  152  17:34  Viking  
  148  17:56  Viking x3  
  102  18:09  Viking  
  101  18:13  SCV x2  
  103  18:20  Orbital Command  
  103  18:26  Viking  
  105  18:28  Missile Turret  
  105  18:30  Missile Turret  
  105  18:31  Missile Turret  
  105  18:35  Viking  
  107  18:45  Viking x2  
  111  18:55  SCV x3  
  114  19:07  SCV x2  
  116  19:12  Missile Turret  
  116  19:14  Missile Turret  
  116  19:21  Marine  
  117  19:26  SCV x2  
  117  19:30  SCV  
  120  19:38  SCV x2  
  122  19:41  Marine  
  122  19:42  SCV  
  124  19:48  Missile Turret  
  130  19:55  Missile Turret  
  130  19:57  Missile Turret  
Show
View Real Time Build Order
Export as new Build Order

Killua Protoss - Winner!

Build Orders: Colossus Rush 

Get SALT Encoding   

  12  0:00  Probe  
  13  0:14  Pylon  
  13  0:17  Probe  
  14  0:29  Probe  
  14  0:35  Gateway  
  15  0:37  Probe  
  16  0:45  Probe  
  16  0:47  Assimilator  
  17  0:57  Pylon  
  17  0:58  Probe  
  18  1:10  Probe  
  19  1:22  Probe  
  20  1:25  Cybernetics Core  
  20  1:36  Assimilator  
  20  1:43  Pylon  
  20  1:45  Probe  
  21  1:52  Adept  
  20  1:57  Probe  
  21  2:03  Warp Gate  
  23  2:08  Gateway  
  23  2:11  Probe  
  24  2:19  Stalker  
  26  2:23  Probe  
  27  2:32  Robotics Facility  
  27  2:35  Probe  
  28  2:49  Stalker  
  28  2:51  Shield Battery  
  28  2:54  Stalker  
  32  3:06  Pylon  
  32  3:11  Probe  
  32  3:22  Observer  
  32  3:23  Probe  
  34  3:54  Probe  
  35  3:56  Immortal  
  37  4:06  Probe  
  38  4:12  Robotics Bay  
  38  4:16  Gateway  
  37  4:18  Stalker  
  37  4:19  Sentry  
  37  4:20  Probe  
  42  4:32  Probe  
  43  4:52  Adept  
  45  4:56  Nexus  
  45  4:57  Probe  
  46  5:02  Pylon  
  46  5:09  Pylon  
  46  5:13  Pylon  
  46  5:20  Colossus  
  52  5:25  Sentry  
  54  5:29  Stalker  
  55  5:38  Probe  
  55  5:42  Shield Battery  
  56  5:51  Stalker  
  56  5:52  Sentry  
  56  5:54  Probe  
  61  6:05  Assimilator  
  61  6:08  Pylon  
  61  6:14  Extended Thermal Lance, Assimilator  
  61  6:20  Probe  
  62  6:27  Observer  
  62  6:32  Probe  
  64  6:39  Probe  
  64  6:44  Probe  
  66  6:48  Probe  
  66  6:54  Sentry  
  69  6:57  Nexus  
  69  7:00  Pylon  
  69  7:05  Probe  
  69  7:06  Probe  
  71  7:18  Probe  
  71  7:20  Colossus  
  78  7:33  Twilight Council  
  78  7:38  Probe  
  78  7:42  Gateway  
  79  7:50  Probe  
  79  7:51  Stalker  
  82  7:54  Probe  
  83  8:02  Probe  
  84  8:07  Forge  
  84  8:10  Gateway  
  84  8:18  Probe  
  85  8:20  Charge  
  85  8:21  Probe  
  86  8:29  Immortal  
  86  8:30  Probe  
  91  8:36  Templar Archives  
  91  8:37  Pylon  
  91  8:42  Probe x2  
  91  8:45  Shield Battery  
  93  8:49  Protoss Ground Weapons Level 1, Assimilator  
  93  8:54  Probe  
  94  8:58  Probe  
  95  9:06  Psionic Storm  
  95  9:07  Probe x2  
  95  9:08  Assimilator  
  97  9:11  Gateway  
  97  9:18  High Templar  
  97  9:19  High Templar x2  
  103  9:24  Pylon  
  103  9:29  Gateway  
  103  9:33  High Templar  
  103  9:36  Gateway  
  105  9:39  Probe  
  105  9:42  Probe  
  107  9:50  Probe  
  107  9:51  Probe  
  108  9:55  Pylon  
  108  9:57  High Templar x2  
  108  9:58  Pylon  
  112  10:03  Probe  
  112  10:04  Archon  
  113  10:09  Probe  
  114  10:15  Probe, High Templar  
  114  10:16  High Templar  
  119  10:21  Probe  
  119  10:27  Probe  
  119  10:28  Forge  
  121  10:29  Pylon, Photon Cannon  
  121  10:31  Stalker x2, Zealot x2  
  121  10:33  Probe  
  130  10:38  Photon Cannon  
  130  10:39  Probe  
  129  10:52  Probe  
  130  10:58  Nexus  
  130  11:02  Protoss Ground Weapons Level 2  
  130  11:03  Pylon, Protoss Ground Armor Level 1  
  130  11:04  Probe  
  130  11:10  Pylon  
  130  11:15  Stargate  
  130  11:16  Probe  
  131  11:22  Zealot  
  131  11:23  Stalker, Zealot x3  
  141  11:28  Shield Battery, Probe  
  141  11:32  Assimilator  
  142  11:36  Assimilator  
  142  11:38  Gateway  
  142  11:40  Probe  
  142  11:41  Gateway  
  143  11:52  Probe  
  143  11:53  Pylon  
  144  11:57  Pylon  
  144  12:00  Stalker x2, Zealot  
  150  12:04  Pylon, Probe  
  147  12:16  Probe  
  148  12:25  High Templar x2  
  152  12:34  Fleet Beacon  
  151  12:49  Probe  
  151  12:50  Stargate  
  151  12:52  Stalker x2  
  151  12:53  Pylon  
  151  12:57  Photon Cannon  
  155  12:58  Pylon  
  155  13:01  Probe, Photon Cannon  
  156  13:12  Zealot x2  
  160  13:13  Probe  
  160  13:16  Pylon  
  160  13:18  Protoss Ground Weapons Level 3  
  160  13:19  Protoss Ground Armor Level 2  
  161  13:21  Zealot x2  
  161  13:24  Tempest  
  161  13:25  Probe  
  170  13:30  Pylon  
  170  13:37  Probe  
  171  13:41  Protoss Air Weapons Level 1  
  171  13:49  Probe  
  171  14:03  Stalker x3, Zealot  
  171  14:09  High Templar x3  
  185  14:10  High Templar  
  185  14:12  Tempest  
  183  14:29  Archon x2  
  183  14:35  Tempest  
  183  14:38  Zealot x4  
  191  14:41  Probe  
  191  14:42  Probe  
  188  14:54  Probe x2  
  188  14:55  Zealot x2  
  188  14:56  Zealot x2  
  198  15:03  Probe  
  198  15:06  Probe  
  186  15:15  Probe  
  186  15:18  Probe  
  127  15:28  Stalker  
  127  15:29  Stalker x4  
  127  15:33  Immortal  
  127  15:35  Tempest  
  132  15:44  Robotics Facility, High Templar x5  
  132  15:46  Robotics Facility  
  142  15:57  Nexus  
  142  16:01  Assimilator  
  142  16:03  High Templar x3  
  142  16:04  High Templar  
  150  16:05  Assimilator  
  150  16:07  Pylon  
  150  16:12  Gateway  
  150  16:14  Gateway  
  150  16:15  Immortal  
  150  16:16  Gateway  
  150  16:17  Archon x2  
  154  16:29  Tempest  
  158  16:33  Immortal  
  158  16:34  Observer  
  163  16:41  Photon Cannon  
  163  16:45  Shield Battery  
  163  16:51  Photon Cannon  
  163  16:52  Observer  
  164  16:54  Nexus  
  164  16:55  Pylon  
  164  16:57  Pylon, Stalker x4  
  167  17:16  Stalker x2  
  167  17:20  Photon Cannon  
  171  17:28  Tempest  
  175  17:31  Immortal x2, Pylon  
  147  18:04  Stalker x4  
  145  18:11  Stalker x2  
  145  18:12  Stalker  
  130  18:16  Tempest x2  
  130  18:18  Immortal x2  
  146  18:22  Immortal  
  146  18:25  Robotics Facility  
  146  18:26  Robotics Facility  
  150  18:35  Probe  
  151  18:47  Probe  
  151  18:48  High Templar x3  
  154  18:49  High Templar  
  154  18:53  High Templar x2  
  154  18:54  Nexus  
  164  18:56  Unknown  
  164  19:07  Archon x2  
  164  19:08  Archon  
  164  19:16  Immortal x2  
  172  19:18  Zealot x3  
  172  19:19  Zealot  
  172  19:20  Zealot x3  
  186  19:32  Assimilator  
  186  19:33  Assimilator  
  186  19:45  Stalker, Zealot x2  
Tags
 
Add a new tag
Caveats
  • Supply blocks, unpowered buildings, or Contaminate may cause inaccurate times.
  • Supply counts are checked every 10 seconds.